 Dungeon Crawl Stone Soup version 0.31-a0-631-g285b096dc4 (webtiles) character file.

Game seed: 17534947857417918972

70 Dittersdorf the Trooper (level 4, 0/29 HPs)
             Began as a Gargoyle Fighter on Aug 25, 2023.
             Killed by divine providence
             ... invoked by an orc priest
              (12 damage)
             ... on level 3 of the Dungeon.
             The game lasted 00:01:32 (1861 turns).

Dittersdorf the Trooper (Gargoyle Fighter)          Turns: 1861, Time: 00:01:33

Health: 0/29       AC: 13    Str: 21    XL:     4   Next: 21%
Magic:  4/4        EV:  9    Int:  9    God:
Gold:   66         SH:  4    Dex:  9    Spells: 3/3 levels left

rFire   . . .        a - +0 flail
rCold   . . .        c - +0 buckler
rNeg    + . .        b - +0 scale mail
rPois   ∞            (no helmet)
rElec   +            (no cloak)
rCorr   .            g - +2 pair of gloves
SInv    .            (no boots)
Will    .....        s - amulet of faith Stlth
                     i - ring of flight
HPRegen 0.24/turn    (no ring)
MPRegen 0.09/turn

%: faith
@: flying
A: sickness immunity, AC +3, negative energy resistance 1, electricity
resistance, torment resistance 1, petrification resistance
a: no special abilities


You were on level 3 of the Dungeon.
You visited 1 branch of the dungeon, and saw 3 of its levels.

You collected 66 gold pieces.

Inventory:

Hand Weapons
 a - a +0 flail (weapon)
Armour
 b - a +0 scale mail (worn)
 c - a +0 buckler (worn)
 g - a +2 pair of gloves (worn)
Jewellery
 i - a ring of flight (left hand)
 s - an amulet of faith (around neck)
Wands
 n - a wand of paralysis (9)
Scrolls
 e - a scroll of noise {unknown}
 f - 2 scrolls of amnesia {unknown}
 h - 2 scrolls of teleportation {unknown}
 k - a scroll of blinking {unknown}
 l - a scroll of fog {unknown}
 o - 4 scrolls of identify {unknown}
 t - a scroll of enchant weapon {unknown}
 u - a scroll of torment {unknown}
 v - 2 scrolls of vulnerability {unknown}
 w - a scroll of enchant armour {unknown}
Potions
 d - a potion of might
 j - 3 potions of cancellation {unknown}
 m - 3 potions of curing {unknown}
 p - 2 potions of mutation {unknown}
 q - a potion of enlightenment {unknown}
 r - 3 potions of berserk rage {unknown}


   Skills:
 + Level 3.9 Fighting
 + Level 2.7 Maces & Flails
 + Level 3.9 Armour
 + Level 3.9 Shields


You had 3 spell levels left.
You didn't know any spells.
Your spell library contained the following spells:

 Spells                   Type           Power      Damage    Failure   Level
 Apportation              Tloc           0%         N/A       78%         1
 Alistair's Intoxication  Tmut/Pois      0%         N/A       100%        5


Dungeon Overview and Level Annotations

Branches:
Dungeon (3/15)

Altars:


Innate Abilities, Weirdness & Mutations

You are immune to sickness and miasma.
Your stone body is resilient. (AC +3)
You are immune to poison.
You resist negative energy. (rN+)
You are resistant to electric shocks. (rElec)
You are resistant to unholy torment.
You are immune to petrification.


Message History

A quokka is nearby!
A worm, an orc and an orc priest come into view.
Found a scroll labelled EGEOSA ZANNE.
The orc shouts!
The orc priest shouts!
The orc moves out of view.
You thump the quokka!
You kill the quokka!
An orc comes into view. It is wielding a +0 mace.
An orc comes into view. It is wielding a +0 dagger.
You hit the worm but do no damage.
An orc priest comes into view.
It is wielding a +1 hand axe of electrocution.
You barely miss the worm. You block the worm's attack.
The orc shouts!
You sock the worm!
The worm is heavily wounded.
The orc priest calls down the wrath of Beogh upon you.
Beogh smites you! The orc barely misses you. The worm bites you.
You are too injured to fight recklessly!
You are too injured to fight recklessly!
You are too injured to fight recklessly!
You are too injured to fight recklessly!
You are too injured to fight recklessly!
You are too injured to fight recklessly!
You are too injured to fight recklessly!
You are too injured to fight recklessly!
You are too injured to fight recklessly!
You are too injured to fight recklessly!
You are too injured to fight recklessly!
You are too injured to fight recklessly!
You are too injured to fight recklessly!
You are too injured to fight recklessly!
You are too injured to fight recklessly!
You are too injured to fight recklessly!
The worm attacks as it pursues you! The worm closely misses you.
The orc attacks as it pursues you! The orc hits you but does no damage.
The orc curses loudly, as Orcs often do.
The orc closely misses you.
The orc priest calls down the wrath of Beogh upon you.
Beogh smites you!
You die...

........# .$....
....#.#.##.#.#.#
..........o.....
...?#.#.........
........†.......
##...###wo...... ##
#.o.##### #o### .
#@#########
...####..........
...............## ##
####.#..#########...
#.#....###.......
#.#........#.#.#.
####....#####..[....
#.............#.#.#.
...###..######.........##


You could see a worm, an orc priest and 3 orcs.

Vanquished Creatures
  4 adders
  A dart slug (D:3)
  A bat (D:1)
  2 endoplasms
  A giant cockroach (D:2)
  5 goblins
  A hobgoblin (D:1)
  4 kobolds
  3 quokkas
  3 ball pythons
  2 frilled lizards
  4 rats
31 creatures vanquished.

Notes
Turn   | Place    | Note
-------+----------+-------------------------------------------
     0 | D:1      | Dittersdorf the Gargoyle Fighter began the quest for the
                  | Orb.
     0 | D:1      | Reached XP level 1. HP: 14/14 MP: 1/1
   183 | D:1      | Reached XP level 2. HP: 14/19 MP: 2/2
  1094 | D:2      | Reached XP level 3. HP: 22/23 MP: 3/3
  1576 | D:2      | Identified the +0 leather armour of Gocseuv {rC+ Dex+2}
  1714 | D:3      | Reached XP level 4. HP: 29/29 MP: 4/4
  1861 | D:3      | Killed from afar by an orc priest

Illustrated notes

Levels and vault maps discovered:
D:1:      ldierk_walled_garden, layout_basic
D:2:      layout_basic
D:3:      cheibrodos_old_hovel, layout_rooms, serial_glass, glass_columns_a,
          glass_columns_c, glass_columns_c, glass_columns_a, glass_columns_a,
          glass_columns_b, glass_columns_b, glass_columns_a, glass_columns_a,
          glass_columns_a

Action                     |  1- 3 |  4- 6 || total
---------------------------+-------+-------++-------
  Melee: Flail             |    95 |    20 ||   115
 Armour: Scale mail        |    53 |     6 ||    59
  Dodge: Dodged            |    49 |    13 ||    62
  Block: Buckler           |    28 |     4 ||    32

Table legend: (Time is in decaauts)
 A = Elapsed time spent in this place.
 B = Non-inter-level travel time spent in this place.
 C = Inter-level travel time spent in this place.
 D = Time resting spent in this place.
 E = Time spent auto-exploring this place.
 F = Levels seen in this place.
 G = Mean time per level.
                   A        B        C        D        E       F      G
               +--------+--------+--------+--------+--------+-----+--------+
         Total |   1896 |   1823 |     73 |     32 |   1472 |   3 |  632.0 |
       Dungeon |   1896 |   1823 |     73 |     32 |   1472 |   3 |  632.0 |
               +--------+--------+--------+--------+--------+-----+--------+

Top non-repeatable levels by time:
     D:1: 1067 daAuts
     D:2: 570 daAuts
     D:3: 258 daAuts
